 Dungeon Crawl Stone Soup version 0.31-a0-112-gdf0485fa37 (webtiles) character file.

Game seed: 8778146703900924600

42 NateTC the Magician (level 3, -2/25 HPs)
             Began as a Djinni Conjurer on May 28, 2023.
             Slain by a black bear (6 damage)
             ... created by the rage of Trog
             ... on level 2 of the Dungeon.
             The game lasted 00:01:47 (751 turns).

NateTC the Magician (Djinni Conjurer)                Turns: 751, Time: 00:01:48

Health: -2/25      AC:  2    Str:  6    XL:     3   Next: 77%
Gold:   32         EV: 12    Int: 21    God:
                   SH:  0    Dex: 11

rFire   + + .        (no weapon)
rCold   x . .        (no shield)
rNeg    . . .        a - +0 robe
rPois   ∞            (no helmet)
rElec   .            (no cloak)
rCorr   .            (no gloves)
SInv    .            (boots unavailable)
Will    .....        (no amulet)
Stlth   ++           (no ring)
HPRegen 0.24/turn    (no ring)
MPRegen 0.00/turn

%: infuse magic (-3 HP)
@: flying
A: sickness immunity, fire resistance 2, cold vulnerability 1, float, innate
caster, HP casting, extra vitality 1
a: no special abilities


You were on level 2 of the Dungeon.
You visited 1 branch of the dungeon, and saw 2 of its levels.

You collected 32 gold pieces.

Inventory:

Armour
 a - a +0 robe (worn)
Jewellery
 g - a ring of ice
 h - a +4 ring of protection
Potions
 c - a potion of curing {unknown}
 f - a potion of berserk rage {unknown}


   Skills:
 - Level 2.1 Dodging
 - Level 1.5 Stealth
 + Level 4.2 Spellcasting
 + Level 4.2 Conjurations
 + Level 4.2 Hexes
   Level 0.0 Charms
 + Level 4.2 Summonings
 + Level 4.2 Necromancy
 + Level 4.2 Translocations
 + Level 4.2 Transmutations
 + Level 4.2 Fire Magic
 + Level 4.2 Ice Magic
 + Level 4.2 Air Magic
 + Level 4.2 Earth Magic
 + Level 4.2 Poison Magic


You knew the following spells:

 Your Spells              Type           Power      Damage    Failure   Level
a - Magic Dart            Conj           88%        1d7       1%          1
b - Searing Ray           Conj           44%        2d6       3%          2
c - Dazzling Flash        Conj/Hex       44%        N/A       6%          3
d - Fulminant Prism       Conj/Hex       11%        3d8       21%         4
e - Iskenderun's Mystic   Conj/Tloc      22%        2d6       21%         4
f - Slow                  Hex            88%        N/A       1%          1
Your spell library was empty.

Dungeon Overview and Level Annotations

Branches:
Dungeon (2/15) Zot: 11248

Altars:
Trog


Innate Abilities, Weirdness & Mutations

You are immune to sickness and miasma.
You are immune to poison.
Your flesh is very heat resistant. (rF++)
You are vulnerable to cold. (rC-)
You float through the air rather than walking.
You learn spells naturally, not from books.
Your magical power is your life essence.
You have superior vitality. (+4 MHP)


Message History

(D) Dungeon
Where to? (? - help)
Your surroundings suddenly seem different.
(D) Dungeon
Where to? (Enter - D:2, ? - help)
There is a stone staircase leading down here.
You fly downwards.
Found a stone staircase leading up.
There is a stone staircase leading up here.
Found a sling.
There is a stone staircase leading up here.
Found a stone staircase leading down.
A rat comes into view.
A rat is nearby!
The magic dart hits the rat.
You kill the rat!
You can't see any susceptible monsters within range! (Use Z to cast anyway.)
You can't see any susceptible monsters within range! (Use Z to cast anyway.) HP restored.
Found 8 stones.
Found 7 stones.
You see here 7 stones.
Trog sends monsters to punish you. 2 polar bears and 2 black bears come into view.
There are monsters nearby!
The black bear moves out of view.
The polar bear closely misses you. The polar bear barely misses you.
The polar bear claws you!
The polar bear rages.
You hear an angry growl.
The polar bear closely misses you. The polar bear claws you. x2
The polar bear attacks as you move away!
The polar bear barely misses you. The polar bear claws you. x2
* * * LOW HITPOINT WARNING * * *
You aren't carrying any scrolls.
The black bear bites you.
* * * LOW HITPOINT WARNING * * *
The black bear claws you but does no damage.
The black bear claws you.
You die...

####.........##
.^............##
###............########
....#.#...#..#........#
....#.##.##.........#.#
....#.......###hh...#.#
....####.#### #.....#.#
....#.......# #.hh.##.#
...##.......# #(@.....#
..###.......# ##..###.#
### #.......# #..###.#
#.......# #...##.#
####.......# #.#.##(#
#.......<..# #.#.##.#
##.#####.#### #......#
......##.### ###.####
##.##..<...#######.#


You could see 2 polar bears and 2 black bears.

Vanquished Creatures
  A dart slug (D:1)
  4 endoplasms (D:1)
  3 giant cockroaches (D:1)
  2 hobgoblins (D:1)
  3 jackals (D:1)
  A kobold (D:1)
  2 quokkas (D:1)
  3 ball pythons (D:1)
  4 bats (D:1)
  3 frilled lizards (D:1)
  6 goblins (D:1)
  5 rats
37 creatures vanquished.

Notes
Turn   | Place    | Note
-------+----------+-------------------------------------------
     0 | D:1      | NateTC the Djinni Conjurer began the quest for the Orb.
     0 | D:1      | NateTC set off with the following spells memorised: Magic
                  | Dart, Searing Ray, Dazzling Flash, Fulminant Prism,
                  | Iskenderun's Mystic Blast.
     0 | D:1      | Reached XP level 1. HP: 15/15 MP: 0/0
    28 | D:1      | Found a faded altar of an unknown god.
    36 | D:1      | Prayed at the altar of an unknown god.
    36 | D:1      | Became a worshipper of Trog the Wrathful
    36 | D:1      | Reached * piety under Trog
    37 | D:1      | Was placed under penance by Trog
    38 | D:1      | Fell from the grace of Trog
    56 | D:1      | Reached XP level 2. HP: 18/21 MP: 0/0
   279 | D:1      | Reached XP level 3. HP: 23/25 MP: 0/0
   279 | D:1      | Learned a level 1 spell: Slow
   747 | D:2      | Noticed a polar bear
   747 | D:2      | Noticed a black bear
   747 | D:2      | Noticed a polar bear
   747 | D:2      | Noticed a black bear
   751 | D:2      | Slain by a black bear

Illustrated notes

Levels and vault maps discovered:
D:1:      lightli_arrival_statuegarden, layout_basic,
          ebering_ecumenical_altar_mist, minmay_tetromino_o4
D:2:      layout_loops_cross, hex_large

Skill      XL: |  1  2  3 |
---------------+----------+-----
Spellcasting   | 4 |  4.2
Conjurations   | 4 |  4.2
Hexes          | 4 |  4.2
Summonings     | 4 |  4.2
Necromancy     | 4 |  4.2
Translocations | 4 |  4.2
Transmutations | 4 |  4.2
Fire Magic     | 4 |  4.2
Ice Magic      | 4 |  4.2
Air Magic      | 4 |  4.2
Earth Magic    | 4 |  4.2
Poison Magic   | 4 |  4.2
Dodging        | |  2.1
Stealth        | |  1.5

Action                     || total
---------------------------++-------
   Cast: Magic Dart        ||    64
 Invoke: Renounce Religion ||     1
    Use: Scroll            ||     3
 Armour: Robe              ||     2
  Dodge: Dodged            ||    10

Table legend: (Time is in decaauts)
 A = Elapsed time spent in this place.
 B = Non-inter-level travel time spent in this place.
 C = Inter-level travel time spent in this place.
 D = Time resting spent in this place.
 E = Time spent auto-exploring this place.
 F = Levels seen in this place.
 G = Mean time per level.
                   A        B        C        D        E       F      G
               +--------+--------+--------+--------+--------+-----+--------+
         Total |    750 |    736 |     14 |      2 |    584 |   2 |  375.0 |
       Dungeon |    750 |    736 |     14 |      2 |    584 |   2 |  375.0 |
               +--------+--------+--------+--------+--------+-----+--------+

Top non-repeatable levels by time:
     D:1: 659 daAuts
     D:2: 91 daAuts
